 Dungeon Crawl Stone Soup version 0.20.1-1-g8b1a95d (webtiles) character file.

165 torrenera the Cutter (level 5, 0/34 HPs)
             Began as a Halfling Skald on Aug 28, 2017.
             Succumbed to a worker ant's poison
             ... on level 4 of the Dungeon.
             The game lasted 00:05:31 (2515 turns).

torrenera the Cutter (Halfling Skald)               Turns: 2515, Time: 00:05:32

Health: 0/34       AC:  4    Str: 12    XL:     5   Next: 74%
Magic:  7/7        EV: 14    Int: 11    God:
Gold:   53         SH:  0    Dex: 15    Spells: 6/7 levels left

rFire    . . .     SeeInvis .   l - +4 long sword
rCold    . . .     Gourm    .   (shield restricted)
rNeg     + . .     Faith    .   b - +0 leather armour
rPois    .         Spirit   .   (no helmet)
rElec    .         Reflect  .   (no cloak)
rCorr    .         Harm     .   (no gloves)
MR       .....                  g - +0 pair of boots
Stlth    +.........             (no amulet)
Regen    0.2/turn               n - ring of positive energy
MPRegen  0.1/turn               (no ring)

@: lethally poisoned (0 -> -8)
A: mutation resistance 1
a: no special abilities


You were on level 4 of the Dungeon.
You were very hungry.

You visited 1 branch of the dungeon, and saw 4 of its levels.

You collected 53 gold pieces.

Inventory:

Hand Weapons
 a - a +0 short sword
 l - a +4 long sword (weapon)
Missiles
 i - 5 stones (quivered)
 j - 16 sling bullets
Armour
 b - a +0 leather armour (worn)
 g - a +0 pair of boots (worn)
Magical Staves
 m - an uncursed staff of wizardry {unknown}
Jewellery
 n - a ring of positive energy (left hand)
Scrolls
 f - a scroll of amnesia {unknown}
 h - a scroll of silence {unknown}
 o - a scroll of enchant armour {unknown}
Books
 c - a book of Battle

   Spells                             Type                      Level
   a - Infusion                       Charms                       1
   b - Shroud of Golubria             Charms/Translocation         2
   c - Song of Slaying                Charms                       2
   d - Spectral Weapon                Hexes/Charms                 3
   e - Regeneration                   Charms/Necromancy            3
Comestibles
 d - a bread ration
 k - a royal jelly


   Skills:
 - Level 1.7 Fighting
 + Level 6.6 Short Blades
 - Level 1.1 Armour
 - Level 2.1 Dodging
 - Level 1.5 Spellcasting
 - Level 3.2 Charms


You had 6 spell levels left.
You knew the following spells:

 Your Spells              Type           Power        Failure   Level  Hunger
a - Infusion              Chrm           #...         10%         1    ##.....


Dungeon Overview and Level Annotations

Branches:
Dungeon (4/15)
 Temple: D:4-7

Altars:

Annotations:
D:2 Sigmund


Innate Abilities, Weirdness & Mutations

You are small and have problems with some larger weapons.
You are somewhat resistant to further mutation.


Message History

* * * LOW HITPOINT WARNING * * *
You feel sick. The worker ant misses you.
You closely miss the worker ant.
The worker ant is almost dead.
The worker ant closely misses you.
You hit the worker ant.
You kill the worker ant!
* * * LOW HITPOINT WARNING * * *
You feel sick.
* * * LOW HITPOINT WARNING * * *
You feel sick.
* * * LOW HITPOINT WARNING * * *
You feel sick.
There is a lethal amount of poison in your body!
Wield which item (- for none, * to show all)? (? for menu, Esc to quit)
l - a +4 long sword (weapon)
There is a lethal amount of poison in your body!
There is a lethal amount of poison in your body!
There is a lethal amount of poison in your body!
You die...

#.# ## ##.# #.#
#..#########
..######...##.##..#
..#....#......#...#
..............'...#
.##....##.....##..#
.##....##.....##..#
.##....##.....##@.#
..............##..#
.##....##.....##..#
.##....###+#####..#
.###+### .........#
.# .........# .#
.....##..# .# #+###
#### ##


There were no monsters in sight!

Vanquished Creatures
  A water moccasin skeleton (D:4)
  Jessica (D:3)
  A worker ant (D:4)
  2 adders (D:2)
  An adder skeleton (D:4)
  3 dart slugs
  A worm (D:4)
  2 leopard geckos
  An orc (D:4)
  4 giant cockroaches
  3 goblins
  5 hobgoblins
  2 quokkas
  4 bats
  3 kobolds (D:2)
  3 rats
37 creatures vanquished.

Notes
Turn   | Place    | Note
-------+----------+-------------------------------------------
     0 | D:1      | torrenera the Halfling Skald began the quest for the Orb.
     0 | D:1      | Reached XP level 1. HP: 14/14 MP: 3/3
    68 | D:1      | Reached skill level 3 in Short Blades
    77 | D:1      | Reached XP level 2. HP: 5/19 MP: 4/4
   665 | D:2      | Reached skill level 4 in Short Blades
   665 | D:2      | Reached XP level 3. HP: 10/24 MP: 5/5
  1311 | D:2      | Noticed Sigmund
  1330 | D:3      | Reached XP level 4. HP: 29/29 MP: 6/6
  1417 | D:3      | Noticed Jessica
  1431 | D:3      | Killed Jessica
  1431 | D:3      | Reached skill level 5 in Short Blades
  2397 | D:4      | Reached skill level 6 in Short Blades
  2397 | D:4      | Reached XP level 5. HP: 13/34 MP: 7/7
  2495 | D:4      | HP: 1/34 [worker ant (4)]
  2512 | D:4      | HP: 1/34 [poisoned by a worker ant]
  2515 | D:4      | Succumbed to a worker ant's poison

Skill      XL: |  1  2  3  4 |
---------------+-------------+-----
Short Blades   | 3 4 6 |  6.6
Fighting       | |  1.7
Armour         | |  1.1
Dodging        | |  2.1
Spellcasting   | |  1.5
Charms         | |  3.2

Action                   |  1- 3 |  4- 6 || total
-------------------------+-------+-------++-------
Melee: Short sword       |   135 |    87 ||   222
Throw: Stone             |       |     5 ||     5
  Use: Potion            |     1 |     2 ||     3
       Scroll            |       |     1 ||     1
 Stab: Sleeping          |     2 |       ||     2
  Eat: Chunk             |     1 |     3 ||     4
Armor: Leather armour    |    32 |    10 ||    42
Dodge: Dodged            |   124 |    59 ||   183
